 Dungeon Crawl Stone Soup version 0.24-a0-584-g9d6b971 (webtiles) character file.

Game seed: 6122764026282905385, levelgen mode: deterministic

2174 Charmandara the Tainter (level 9, -6/61 HPs)
             Began as a Barachi Venom Mage on Aug 29, 2019.
             Shot with an arrow by a centaur (9 damage)
             ... on level 7 of the Dungeon.
             The game lasted 00:28:01 (6916 turns).

Charmandara the Tainter (Barachi Venom Mage)        Turns: 6916, Time: 00:28:01

Health: -6/61      AC:  5    Str:  9    XL:     9   Next: 32%
Magic:  7/15       EV: 12    Int: 20    God:
Gold:   272        SH:  0    Dex: 12    Spells: 2/17 levels left

rFire    . . .     SeeInvis .   v - +4 long sword (distort) {!w}
rCold    . . .     Gourm    .   (no shield)
rNeg     . . .     Faith    .   a - +0 robe
rPois    .         Spirit   .   (no helmet)
rElec    +         Reflect  .   A - +0 cloak
rCorr    .         Harm     .   x - +1 pair of gloves
MR       .....                  (no boots)
Stlth    +++.......             (no amulet)
HPRegen  0.20/turn              j - ring of stealth {Stlth+}
MPRegen  0.14/turn              d - ring of wizardry {Wiz+, !d}

@: berserk cooldown, slowed, very slow
A: +LOS, swims, electricity resistance, slowness 1, MP-powered wands, strong
legs 1
a: Hop


You were on level 7 of the Dungeon.
You were not hungry.

You visited 2 branches of the dungeon, and saw 8 of its levels.

You collected 272 gold pieces.

Inventory:

Hand Weapons
 q - a +1 antimagic whip
   (You found it on level 3 of the Dungeon)
 t - a cursed +0 hand axe
   (You found it on level 4 of the Dungeon)
 v - a +4 long sword of distortion (weapon) {!w}
   (You found it on level 3 of the Dungeon)
Missiles
 u - 6 poisoned darts
 D - 8 atropa-tipped darts (quivered)
Armour
 a - a +0 robe (worn)
 e - a +1 leather armour of cold resistance
   (You found it on level 6 of the Dungeon)
 h - +0 steam dragon scales
   (You found it on level 7 of the Dungeon)
 x - a +1 pair of gloves (worn)
   (You found it on level 4 of the Dungeon)
 A - a +0 cloak (worn)
   (You took it off Crazy Yiuf on level 5 of the Dungeon)
Magical Staves
 y - an uncursed staff of fire {rF+}
   (You found it on level 4 of the Dungeon)
Jewellery
 d - a ring of wizardry (right hand) {Wiz+, !d}
   (You took it off a wight on level 7 of the Dungeon)
 j - a ring of stealth (left hand) {Stlth+}
   (You found it on level 2 of the Dungeon)
 w - an uncursed ring of positive energy {rN+}
   (You found it on level 4 of the Dungeon)
Scrolls
 b - 3 scrolls of remove curse
 f - a scroll of magic mapping {!r}
 i - 2 scrolls of amnesia
Potions
 l - 2 potions of mutation {!q}
 m - 2 potions of flight
 o - 2 potions of curing
 z - 2 potions of brilliance
 E - a potion of ambrosia {unknown}
Comestibles
 c - 5 rations
 g - 6 chunks of flesh {@w0}


   Skills:
 + Level 1.6 Fighting
 * Level 2.5 Long Blades
 - Level 2.1 Dodging
 - Level 1.7 Stealth
 - Level 4.5 Spellcasting
 + Level 8.6 Conjurations
 - Level 9.0 Poison Magic


You had 2 spell levels left.
You knew the following spells:

 Your Spells              Type           Power        Failure   Level  Hunger
a - Sting                 Conj/Pois      ####         1%          1    None
b - Poisonous Vapours     Pois/Air       ###...       1%          2    #......
c - Olgreb's Toxic Radia  Pois           #####...     1%          4    ####...
d - Venom Bolt            Conj/Pois      #####.....   3%          5    ######.
x - Mephitic Cloud        Conj/Pois/Air  ####....     1%          3    ##.....

Your spell library contained the following spells:

 Spells                   Type           Power        Failure   Level  Hunger
 Flame Tongue             Conj/Fire      ###..        1%          1    None
 Throw Flame              Conj/Fire      ###...       1%          2    #......
 Conjure Flame            Conj/Fire      ###.....     2%          3    ##.....
 Sticky Flame             Conj/Fire      ###.....     9%          4    ####...
 Inner Flame              Hex/Fire       #.......     16%         3    ##.....
 Fireball                 Conj/Fire      ###.......   22%         5    ######.


Dungeon Overview and Level Annotations

Branches:
Dungeon (7/15)             Temple (1/1) D:5

Altars:
Ashenzari
Dithmenos
Elyvilon
Fedhas
Hepliaklqana
Kikubaaqudgha
Makhleb
Okawaru
Qazlal
Ru
Sif Muna
Trog
Uskayaw
Vehumet
Wu Jian
Xom
Yredelemnul
Zin
The Shining One

Shops:
D:6 }


Innate Abilities, Weirdness & Mutations

Shadows flee at your approach. (+LOS)
You can swim through water.
You cover ground slowly.
You can hop short distances.
You are resistant to electric shocks. (rElec)
You expend magic power (3 MP) to strengthen your wands.


Message History

The quokka dies!
You take 17 damage, and have 17/59 hp.
MASSIVE DAMAGE!!
A worker ant comes into view.
Things that are here:
+0 steam dragon scales; a steam dragon corpse h - +0 steam dragon scales You are engulfed in a cloud of scalding steam.
* * * LOW HITPOINT WARNING * * *
You take 8 damage, and have 10/59 hp.
MP restored: 15
Aim: an iguana (hasn't noticed you) Poisonous vapours surround the iguana!
The iguana hisses angrily.
The iguana is engulfed in poison gas.
The iguana is poisoned.
You now have 13/15 mp.
You aren't carrying any items that you can evoke.
Unknown command.
Aim: an iguana (heavily wounded, poisoned)
Okay, then.
Aim: an iguana (heavily wounded, poisoned) Poisonous vapours surround the iguana!
The iguana is engulfed in poison gas.
The iguana looks even sicker.
You now have 11/15 mp.
Aim: a worker ant The bolt of poison hits the iguana!!
The iguana looks even sicker.
You kill the iguana!
The bolt of poison hits the bullfrog zombie.
The bullfrog zombie completely resists.
You now have 6/15 mp.
Unknown command.
Unknown command.
Okay, then.
You aren't carrying any items that you can evoke.
Okay, then.
Okay, then.
Okay, then.
Aim: a worker ant Poisonous vapours surround the worker ant!
The worker ant is engulfed in poison gas.
The worker ant is poisoned.
The bullfrog zombie hits you.
* * * LOW HITPOINT WARNING * * *
You take 6 damage, and have 5/59 hp.
You now have 5/15 mp.
You feel better. The bullfrog zombie hits you.
* * * LOW HITPOINT WARNING * * *
You regained 5 hp, and now have 10/59 hp.
Really quaff
s - a potion of berserk rage {!q}?
A red film seems to cover your vision as you go berserk!
You feel yourself moving faster!
You feel mighty! The bullfrog zombie barely misses you.
You now have 15/88 hp.
You slash the bullfrog zombie!
The bullfrog zombie blinks!
You hit the worker ant.
Space bends around the worker ant.
The worker ant bites you but does no damage.
You closely miss the worker ant.
The worker ant bites you but does no damage.
You closely miss the worker ant. The worker ant misses you.
You riposte.
You slash the worker ant!
You kill the worker ant!
You slash the bullfrog zombie!
Space bends around the bullfrog zombie.
The bullfrog zombie hits you.
* * * LOW HITPOINT WARNING * * *
You take 2 damage, and have 14/88 hp.
You barely miss the bullfrog zombie. The bullfrog zombie closely misses you.
You slash the bullfrog zombie!
You destroy the bullfrog zombie!
You see here a worker ant corpse.
You butcher the worker ant corpse.
You feel a strong urge to attack something.
You are no longer berserk.
You are exhausted.
You feel yourself slow down.
g - 6 chunks of flesh {@w0} (gained 2)
You now have 10/61 hp.
You start resting.
A centaur comes into view.
Unknown command.
A centaur is nearby!
The centaur shouts!
The centaur wields a +0 shortbow.
The centaur shoots an arrow.
The arrow barely misses you.
The centaur shoots an arrow.
The arrow barely misses you.
The centaur shoots an arrow.
The arrow hits you!
* * * LOW HITPOINT WARNING * * *
You see here 3 arrows.
You take 8 damage, and have 3/61 hp.
Okay, then.
Okay, then.
You aren't carrying any items that you can evoke.
Unknown command.
Okay, then.
You feel better.
The centaur shoots an arrow.
The arrow hits you but does no damage.
The centaur shoots an arrow.
The arrow hits you!
* * * LOW HITPOINT WARNING * * *
Okay, then.
You aren't carrying any items that you can evoke.
Unknown command.
Okay, then.
The centaur shoots an arrow.
The arrow hits you!
You die...

,,,,,,,,**,...#### ##.##......#.
*******,,,,......#* #.........##
*,,,,*,,###≈###..#######....>.##
*,,,,,,,#.#≈#.#.....####........
*,,,,,###.#≈#.###.....#).......#
*,,,,,,...#≈#.......#)..........
*,,,,,**#.#≈#.###....#..........
*,,..,,,#.#≈#.#.[.##.#(.........
**,,.....###†###@).....((........
,,,,,,*#c..†...(.####............
,*,,,,#..######### ##.....)....#
,****#.,** #....)).)... ,*,,,,,,*
##...)).)).. **,,,,,,*
#.......... **,,,,,,* #..........
,,,,,,,,* #.......... **,,,,,,*
##........#


You could see a centaur.

Vanquished Creatures
  Sigmund (D:5)
  A steam dragon (D:7)
  Duvessa (D:5)
  2 ice beasts (D:6)
  2 ogres
  3 centaurs
  A big kobold (D:7)
  3 bullfrogs
  Dowan (D:5)
  3 wights (D:7)
  2 howler monkeys
  A bullfrog zombie (D:7)
  2 orc priests
  Crazy Yiuf (D:5)
  6 orc wizards
  An iguana (D:7)
  2 worker ants
  7 gnolls
  5 adders
  2 shadow imps
  An adder skeleton (D:7)
  2 worms
  2 dart slugs
  4 leopard geckos
  21 orcs
  10 bats
  5 giant cockroaches
  13 goblins
  7 hobgoblins
  13 jackals
  7 kobolds
  3 quokkas
  A ball python (D:4)
  6 frilled lizards
  A quokka zombie (D:7)
  24 rats
167 creatures vanquished.

Vanquished Creatures (others)
  A wyvern zombie (D:7)
  An orc (D:6)
  A quokka (D:7)
3 creatures vanquished.

Grand Total: 170 creatures vanquished

Notes
Turn   | Place    | Note
-------+----------+-------------------------------------------
     0 | D:1      | Charmandara the Barachi Venom Mage began the quest for the
                  | Orb.
     0 | D:1      | Reached XP level 1. HP: 13/13 MP: 3/3
    60 | D:1      | Reached XP level 2. HP: 19/19 MP: 0/5
    69 | D:1      | Reached skill level 4 in Poison Magic
   394 | D:1      | Learned a level 2 spell: Poisonous Vapours
   431 | D:1      | Reached XP level 3. HP: 22/24 MP: 4/6
   859 | D:1      | HP: 5/24 [leopard gecko (5)]
  1308 | D:2      | Reached skill level 5 in Poison Magic
  1483 | D:2      | HP: 1/24 [worm (10)]
  2039 | D:2      | Reached XP level 4. HP: 25/30 MP: 5/7
  2274 | D:2      | Learned a level 3 spell: Mephitic Cloud
  2580 | D:3      | Upgraded the game from 0.24-a0-583-g87330a4 to
                  | 0.24-a0-584-g9d6b971
  3514 | D:4      | Gained mutation: You expend magic power (3 MP) to
                  | strengthen your wands. [potion of mutation]
  3514 | D:4      | Gained mutation: You are resistant to electric shocks.
                  | (rElec) [potion of mutation]
  3566 | D:4      | Found a shimmering altar of Xom.
  3576 | D:4      | Reached skill level 6 in Poison Magic
  3585 | D:4      | Reached XP level 5. HP: 30/35 MP: 2/8
  3803 | D:4      | Noticed an ogre
  3809 | D:4      | Killed an ogre
  3809 | D:4      | Reached skill level 7 in Poison Magic
  3809 | D:4      | Reached XP level 6. HP: 41/41 MP: 0/9
  3819 | D:4      | Found a bloodstained altar of Trog.
  4014 | D:5      | Entered Level 5 of the Dungeon
  4070 | D:5      | Noticed Dowan
  4071 | D:5      | Noticed Duvessa
  4077 | D:5      | Killed Dowan
  4081 | D:5      | Killed Duvessa
  4081 | D:5      | Reached skill level 8 in Poison Magic
  4100 | D:5      | Found a white marble altar of Elyvilon.
  4206 | D:5      | Found a basalt altar of Yredelemnul.
  4297 | D:5      | Noticed Sigmund
  4308 | D:5      | Killed Sigmund
  4308 | D:5      | Reached skill level 9 in Poison Magic
  4308 | D:5      | Reached XP level 7. HP: 38/46 MP: 0/10
  4314 | D:5      | Learned a level 4 spell: Olgreb's Toxic Radiance
  4717 | D:5      | Found a staircase to the Ecumenical Temple.
  4723 | Temple   | Entered the Ecumenical Temple
  4935 | D:5      | Found a runed translucent door.
  4936 | D:5      | Noticed Crazy Yiuf
  4945 | D:5      | Killed Crazy Yiuf
  5035 | D:6      | Found Qotyrok's Gadget Boutique.
  5068 | D:6      | Reached skill level 3 in Spellcasting
  5122 | D:6      | HP: 9/46 [orc wizard/magic dart (7)]
  5410 | D:6      | Reached skill level 4 in Spellcasting
  5440 | D:6      | Learned a level 5 spell: Venom Bolt
  5513 | D:6      | Found an ornate altar of the Wu Jian Council.
  5527 | D:6      | Reached XP level 8. HP: 16/52 MP: 10/14
  5539 | D:6      | Reached skill level 3 in Conjurations
  5540 | D:6      | Reached skill level 4 in Conjurations
  5871 | D:6      | Reached skill level 5 in Conjurations
  6480 | D:7      | Reached skill level 6 in Conjurations
  6552 | D:7      | Reached skill level 7 in Conjurations
  6561 | D:7      | HP: 12/52 [big kobold (5)]
  6563 | D:7      | Reached XP level 9. HP: 13/57 MP: 1/15
  6645 | D:7      | HP: 7/57 [wight/+3 war axe (12)]
  6653 | D:7      | Reached skill level 8 in Conjurations
  6854 | D:7      | Reached skill level 1 in Long Blades
  6889 | D:7      | Reached skill level 1 in Fighting
  6889 | D:7      | Reached skill level 2 in Long Blades
  6891 | D:7      | HP: 10/59 [something (8)]
  6898 | D:7      | HP: 5/59 [bullfrog zombie (6)]
  6905 | D:7      | HP: 14/88 [bullfrog zombie (2)]
  6914 | D:7      | HP: 3/61 [centaur/arrow (8)]
  6916 | D:7      | Shot with an arrow by a centaur

Levels and vault maps discovered:
D:1:      erik_arrival_orb_chamber, layout_rooms, minmay_heptomino_w4
D:2:      layout_loops_cross, serial_forest, infiniplex_forest_corner_1,
          infiniplex_forest_straight_3, infiniplex_forest_straight_3,
          infiniplex_forest_lined_room_3, infiniplex_forest_clump_small
D:3:      layout_basic, first_ration
D:4:      layout_gridville, xom_teletrap_fun, bloody_trog
D:5:      layout_loops_corners, kennysheep_ying_yang, chequers_big_river,
          uniq_crazy_yiuf_cottage, uniq_sigmund, uniq_duvessa
D:6:      layout_basic, serial_shops, nicolae_shop_waterfront, basic_altar
D:7:      layout_rooms, grunt_decor_cap
Temple:   eino_temple_rhombus

Skill      XL: |  1  2  3  4  5  6  7  8  9 |
---------------+----------------------------+-----
Poison Magic   | 4 5 6 7 9 |  9.0
Spellcasting   | 4 |  4.5
Conjurations   | 7 8 |  8.6
Long Blades    | 2 |  2.5
Fighting       | 1 |  1.6
Dodging        | |  2.1
Stealth        | |  1.7

Action                   |  1- 3 |  4- 6 |  7- 9 || total
-------------------------+-------+-------+-------++-------
Melee: Club              |    33 |       |       ||    33
       Hand axe          |    65 |       |       ||    65
       Dagger            |    11 |   110 |       ||   121
       Long sword        |       |    17 |    96 ||   113
Throw: Dart              |       |       |     7 ||     7
 Cast: Sting             |    46 |    48 |    33 ||   127
       Poisonous Vapours |     4 |    19 |    26 ||    49
       Mephitic Cloud    |       |     1 |     2 ||     3
       Olgreb's Toxic Ra |       |       |     6 ||     6
       Venom Bolt        |       |       |     1 ||     1
 Abil: Hop               |       |       |     5 ||     5
Evoke: Wand              |       |     7 |    13 ||    20
  Use: Scroll            |       |     6 |    10 ||    16
       Potion            |       |     1 |     7 ||     8
 Stab: Confused          |       |       |     1 ||     1
       Distracted        |       |       |     2 ||     2
  Eat: Chunk             |     4 |    11 |    12 ||    27
Armor: Robe              |    22 |    58 |    23 ||   103
       Skin              |       |       |    36 ||    36
Dodge: Dodged            |   101 |   105 |    71 ||   277
       Rpst.: Long sword |       |    10 |    15 ||    25

Table legend:
 A = Non-vault XP
 B = Vault XP
 C = Vault XP percentage of total XP
 D = Non-vault monster count
 E = Vault monster count
 F = Vault count percentage of total count
                 A         B        C        D         E       F
            +---------+---------+-------+---------+---------+-------
      Total |    2603 |     504 |  16.2 |     146 |      23 |  13.6
            +---------+---------+-------+---------+---------+-------
        D:1 |      27 |      22 |  44.9 |      16 |      19 |  54.3
        D:2 |      50 |       0 |   0.0 |      27 |       0 |   0.0
        D:3 |      43 |       0 |   0.0 |      23 |       0 |   0.0
        D:4 |     222 |       0 |   0.0 |      12 |       0 |   0.0
        D:5 |      31 |     482 |  94.0 |       7 |       4 |  36.4
        D:6 |     960 |       0 |   0.0 |      26 |       0 |   0.0
        D:7 |    1270 |       0 |   0.0 |      35 |       0 |   0.0
            +---------+---------+-------+---------+---------+-------

Levels and vault maps discovered:
D:1:      erik_arrival_orb_chamber, layout_rooms, minmay_heptomino_w4
D:2:      layout_loops_cross, serial_forest, infiniplex_forest_corner_1,
          infiniplex_forest_straight_3, infiniplex_forest_straight_3,
          infiniplex_forest_lined_room_3, infiniplex_forest_clump_small
D:3:      layout_basic, first_ration
D:4:      layout_gridville, xom_teletrap_fun, bloody_trog
D:5:      layout_loops_corners, kennysheep_ying_yang, chequers_big_river,
          uniq_crazy_yiuf_cottage, uniq_sigmund, uniq_duvessa
D:6:      layout_basic, serial_shops, nicolae_shop_waterfront, basic_altar
D:7:      layout_rooms, grunt_decor_cap
Temple:   eino_temple_rhombus

Table legend:
 A = Turns spent in this place as a percentage of turns spent in the entire game.
 B = Non-inter-level travel turns spent in this place as a percentage of non-inter-level travel turns spent in the entire game.
 C = Inter-level travel turns spent in this place as a percentage of turns spent in this place.
 D = Turns resting spent in this place as a percentage of non-inter-level travel turns spent in this place.
 E = Turns spent auto-exploring this place as a percentage of non-inter-level travel turns spent in this place.
 F = Non-inter-level travel turns spent in this place divided by the number of levels of this place that you've seen.
                   A       B       C       D       E      F
               +-------+-------+-------+-------+-------+----------------------
         Total | 100.0 | 100.0 |   5.6 |  27.5 |  47.7 | 815.8
       Dungeon |  97.4 |  97.5 |   5.5 |  28.2 |  47.1 | 909.0
        Temple |   2.6 |   2.5 |  10.4 |   0.0 |  71.2 | 163.0
               +-------+-------+-------+-------+-------+----------------------

Table legend:
 A = Kills in this place as a percentage of kills in entire the game.
 B = Kills by you in this place as a percentage of kills by you in the entire game.
 C = Kills by friends in this place as a percentage of kills by friends in the entire game.
 D = Other kills in this place as a percentage of other kills in the entire game.
 E = Experience gained in this place as a percentage of experience gained in the entire game.
 F = Experience gained in this place divided by the number of levels of this place that you have seen.
                   A       B       C       D       E      F
               +-------+-------+-------+-------+-------+----------------------
         Total | 100.0 | 100.0 |   N/A | 100.0 | 100.0 | 388.4
       Dungeon | 100.0 | 100.0 |   N/A | 100.0 | 100.0 | 443.9
               +-------+-------+-------+-------+-------+----------------------
